 Dungeon Crawl Stone Soup version 0.30-a0-777-ga9a30cbeda (webtiles) character file.

Game seed: 1131536216534269535

3 Esekla the Sneak (level 1, -3/11 HPs)
             Began as a Vine Stalker Delver on Feb 13, 2023.
             Killed from afar by a white imp (9 damage)
             ... with a puff of frost
             ... on level 5 of the Dungeon.
             The game lasted 00:00:57 (77 turns).

Esekla the Sneak (Vine Stalker Delver)                Turns: 77, Time: 00:00:58

Health: -3/11      AC:  3    Str: 14    XL:     1   Next: 50%
Magic:  0/2        EV: 11    Int: 10    God:
Gold:   0          SH:  0    Dex: 15    Spells: 0/0 levels left

rFire   . . .      SeeInvis .    a - +0 falchion
rCold   . . .      Faith    .    (no shield)
rNeg    . . .      Spirit   +    b - +0 leather armour
rPois   .          Reflect  .    (no helmet)
rElec   .          Harm     .    (no cloak)
rCorr   .          Rampage  .    (no gloves)
Will    .....                    (no boots)
Stlth   +++                      (no amulet)
HPRegen 0.21/turn                (no ring)
MPRegen 0.08/turn                (no ring)

@: no status effects
A: fangs 2, magic shield, antimagic bite, no potion heal 2
a: no special abilities


You were on level 5 of the Dungeon.
You visited 2 branches of the dungeon, and saw 2 of its levels.

Inventory:

Hand Weapons
 a - a +0 falchion (weapon)
Armour
 b - a +0 leather armour (worn)
Wands
 g - a wand of digging (3)
Scrolls
 c - a scroll of fog
 e - a scroll of fear
Potions
 f - a potion of haste


   Skills:
 * Level 2.6 Fighting
 * Level 1.9 Long Blades
 + Level 1.5 Dodging
 + Level 6.1 Stealth


You couldn't memorise any spells.
You didn't know any spells.
Your spell library was empty.

Dungeon Overview and Level Annotations

Branches:
Dungeon (5/15)             Temple (1/1) D:5

Altars:
Ashenzari
Fedhas
Gozag
Hepliaklqana
Ru
Uskayaw
Zin
The Shining One


Innate Abilities, Weirdness & Mutations

You have extremely sharp teeth.
When hurt, damage is shared between your health and your magic reserves.
Your bite disrupts and absorbs the magic of your enemies.
Potions cannot restore your health.


Message History

The orc hits you with a +0 club.
There is a staircase to the Ecumenical Temple here.
The orc barely misses you.
You climb downwards.
Welcome to the Ecumenical Temple!
Found eight altars.
There is a staircase back to the Dungeon here.
You hit the orc.
The orc is heavily wounded.
The orc hits you with a +0 club.
You hit the orc.
You kill the orc!
You climb upwards.
The white imp gestures at you. The puff of frost hits you!
Ouch! That really hurt!
* * * LOW HITPOINT WARNING * * *
There is a staircase to the Ecumenical Temple here.
You climb downwards.
Welcome back to the Ecumenical Temple!
There is a staircase back to the Dungeon here.
You start resting.
Magic restored.
You start resting.
HP restored.
You climb upwards.
The quokka bites you but does no damage.
The quokka misses you.
There is a staircase to the Ecumenical Temple here.
The white imp closely misses you. The white imp attacks as you move away!
The white imp closely misses you.
The quokka bites you but does no damage.
The white imp attacks as you move away! The white imp hits you.
The white imp freezes you.
You hit the quokka.
You kill the quokka!
You closely miss the white imp.
You bite the white imp, but do no damage.
The white imp gestures at you. The puff of frost hits you!
Ouch! That really hurt!
You die...

***,,,,,,,,,,,,,,,*,,,,,,,,,
*,,,#......,,,,,,,,,,,,,,,,,
*,**,.....,,,,,,,,,,,,,,,,,,
*,*,,*..8.,*,,,,,,,,,,,,,,,,
*,,,**,....#*,...,,,,,,,,,,,
*,,**,,#.#..##..#**,,,,,,,,,
**.##,,##.##..##.# *,,,,,,,,,
*,....##...##....# *,,,,,,,,,
*,..8....>.5@.8..# *,,,,,,,,,
*,....##!..##....###.#,******
*,.*#..##.##..##.....#,,,,,**
**,,,*#..#.#..##..###******,,,
****,,*,,*#.....##...###########.
,,,,,,,,,.#..8..#........<.......
********#..........######>.......
##.........# #########
#.........#


You could see a white imp.

Vanquished Creatures
  An orc (Temple)
  A quokka (D:5)
2 creatures vanquished.

Notes
Turn   | Place    | Note
-------+----------+-------------------------------------------
     0 | D:5      | Esekla the Vine Stalker Delver began the quest for the Orb.
     0 | D:5      | Reached XP level 1. HP: 11/11 MP: 2/2
    14 | D:5      | Found a staircase to the Ecumenical Temple.
    20 | Temple   | Entered the Ecumenical Temple
    77 | D:5      | Killed from afar by a white imp

Illustrated notes

Levels and vault maps discovered:
D:5:      layout_rooms, mainiacjoe_overflow_alcove_4, minmay_temple_entry_waves,
          uniq_sigmund
Temple:   hellmonk_temple_micro_hex

Action                     || total
---------------------------++-------
  Melee: Falchion          ||     4
         Bite              ||     1
    Use: Scroll            ||     1
 Armour: Leather armour    ||     2
  Dodge: Dodged            ||     4

Table legend: (Time is in decaauts)
 A = Elapsed time spent in this place.
 B = Non-inter-level travel time spent in this place.
 C = Inter-level travel time spent in this place.
 D = Time resting spent in this place.
 E = Time spent auto-exploring this place.
 F = Levels seen in this place.
 G = Mean time per level.
                   A        B        C        D        E       F      G
               +--------+--------+--------+--------+--------+-----+--------+
         Total |     78 |     78 |      0 |     44 |      0 |   2 |   39.0 |
       Dungeon |     28 |     28 |      0 |      0 |      0 |   1 |   28.0 |
        Temple |     50 |     50 |      0 |     44 |      0 |   1 |   50.0 |
               +--------+--------+--------+--------+--------+-----+--------+

Top non-repeatable levels by time:
  Temple: 50 daAuts
     D:5: 28 daAuts
